 Dungeon Crawl Stone Soup version 0.28.0 (webtiles) character file.

Game seed: 17506420136363909356

1099 thelaststarmaker the Fighter (level 8, -3/80 HPs)
             Began as a Hill Orc Fighter on Feb 16, 2022.
             Was a Believer of Beogh.
             Slain by an orc warrior (12 damage)
             ... on level 6 of the Dungeon.
             The game lasted 00:18:53 (7588 turns).

thelaststarmaker the Fighter (Hill Orc Fighter)     Turns: 7588, Time: 00:18:53

Health: -3/80      AC: 11    Str: 21    XL:     8   Next: 32%
Magic:  0/8        EV:  9    Int:  8    God:    Beogh [**....]
Gold:   201        SH:  4    Dex: 10    Spells: 7/7 levels left

rFire   . . .      SeeInvis +   a - +0 war axe
rCold   . . .      Faith    .   c - +0 buckler
rNeg    . . .      Spirit   +   b - +0 scale mail
rPois   .          Reflect  .   A - +1 helmet
rElec   .          Harm     .   (no cloak)
rCorr   .          Rampage  .   n - +0 pair of gloves
Will    .....                   j - +0 pair of boots
Stlth   ..........              e - amulet of guardian spirit
HPRegen 0.23/turn               r - ring of see invisible
MPRegen 0.11/turn               (no ring)

@: no status effects
A: no striking features
a: Renounce Religion, Smiting


You were on level 6 of the Dungeon.
You worshipped Beogh.
Beogh was pleased with you.
You visited 1 branch of the dungeon, and saw 6 of its levels.
You also visited: Sewer.

You collected 201 gold pieces.

Inventory:

Hand Weapons
 a - a +0 war axe (weapon)
Armour
 b - a +0 scale mail (worn)
 c - a +0 buckler (worn)
 j - a +0 pair of boots (worn)
 n - a +0 pair of gloves (worn)
 o - the +1 chain mail of Parts Unknown {rC+ MP-9 Int+3}
   (You found it on level 3 of the Dungeon)

   Int:       It affects your intelligence (+3).
   rC:        It protects you from cold.
   MP:        It affects your magic capacity (-9).
 A - a +1 helmet (worn)
Jewellery
 e - an amulet of guardian spirit (around neck)
 f - a +6 ring of strength
 r - a ring of see invisible (left hand)
Wands
 q - a wand of iceblast (8)
 t - a wand of polymorph (5)
 y - a wand of flame (13)
Scrolls
 h - a scroll of identify
 k - a scroll of teleportation
 l - 2 scrolls of blinking
 x - a scroll of magic mapping
 C - a scroll of enchant weapon {unknown}
Potions
 d - 2 potions of might
 g - 4 potions of brilliance {unknown}
 i - a potion of haste {unknown}
 m - 3 potions of curing {unknown}
 p - 2 potions of berserk rage {unknown}
 s - a potion of attraction {unknown}
 u - 2 potions of invisibility {unknown}
 v - 2 potions of heal wounds {unknown}
 w - 2 potions of mutation {unknown}
 z - a potion of cancellation {unknown}
 B - a potion of resistance {unknown}


   Skills:
 - Level 10.4 Fighting
 * Level 6.4 Axes
 - Level 0.3 Throwing
 - Level 3.5 Armour
 + Level 3.6 Shields


You had 7 spell levels left.
You didn't know any spells.
Your spell library contained the following spells:

 Spells                   Type           Power      Damage    Failure   Level
 Freeze                   Ice            0%         1d3       83%         1
 Corpse Rot               Necr/Air       0%         N/A       93%         2
 Call Canine Familiar     Summ           0%         N/A       99%         3
 Frozen Ramparts          Ice            0%         1d2       99%         3
 Portal Projectile        Hex/Tloc       0%         N/A       99%         3
 Dispel Undead            Necr           0%         3d6       100%        4
 Hailstorm                Conj/Ice       0%         3d3       100%        4
 Leda's Liquefaction      Hex/Erth       0%         N/A       100%        4
 Summon Ice Beast         Ice/Summ       0%         N/A       100%        4
 Summon Mana Viper        Hex/Summ       0%         N/A       100%        5
 Death Channel            Necr           0%         N/A       100%        6
 Monstrous Menagerie      Summ           0%         N/A       100%        7


Dungeon Overview and Level Annotations

Branches:
Dungeon (6/15)             Temple (0/1) D:4           Sewer (visited)

Altars:
Makhleb
Trog
Yredelemnul
The Shining One

Shops:
D:4 *   D:5 (


Message History

The orc priest is severely wounded.
You hit the orc warrior.
The orc priest calls upon Beogh to heal the orc warrior.
The orc warrior is healed somewhat.
The orc warrior hits you but does no damage.
You barely miss the orc priest.
The orc priest is severely wounded.
You barely miss the orc warrior.
The orc priest hits you with a +0 hand axe!
* * * LOW HITPOINT WARNING * * *
The orc warrior hits you with a +0 dire flail.
* * * LOW HITPOINT WARNING * * *
You hit the orc priest.
You kill the orc priest!
Beogh accepts your kill.
Beogh appreciates your killing of a heretic priest.
You hit the orc warrior. You block the orc warrior's attack.
You slash the orc warrior!
The orc warrior is severely wounded.
You barely miss the orc wizard. You block the orc warrior's attack.
The orc wizard closely misses you.
The orc warrior hits you with a +0 dire flail!
* * * LOW HITPOINT WARNING * * *
You completely miss the orc warrior.
The orc warrior is severely wounded.
You hit the orc wizard.
The orc wizard hits you but does no damage.
The orc warrior hits you with a +0 dire flail.
* * * LOW HITPOINT WARNING * * *
The orc wizard closely misses you.
You hit the orc warrior but do no damage.
The orc warrior is severely wounded.
You hit the orc wizard. The orc warrior barely misses you.
You block the orc wizard's attack.
You closely miss the orc warrior.
The orc warrior is severely wounded.
You hit the orc wizard but do no damage.
The orc warrior hits you with a +0 dire flail!
You die...
Beogh appreciates the orc warrior's killing of a heretic priest.

# #).### # #....#
### ######.##<#
#.. ......[##.#
#.# ..#######.#
#.# #.# #.# #o#
#.#######.# #o#
..........######o#
...............o@#
#.################
..# # #


You could see an orc warrior, an orc wizard (invisible) and 2 orcs.

Vanquished Creatures
  An orc warrior (D:5)
  A necrophage (D:6)
  2 sky beasts
  A bullfrog (D:5)
  A water moccasin zombie (D:5)
  A centaur skeleton (D:5)
  3 jellies
  A bullfrog zombie (D:5)
  4 orc priests
  2 bullfrog skeletons
  An orc wizard (D:4)
  A hound skeleton (D:4)
  3 gnolls (D:4)
  8 adders
  3 river rats
  A white imp (D:6)
  An adder zombie (D:5)
  2 worms
  5 dart slugs
  9 orcs
  10 ball pythons
  2 bats
  16 endoplasms
  13 giant cockroaches
  4 goblins
  10 hobgoblins
  5 jackals
  3 quokkas
  11 frilled lizards
  8 kobolds
  6 rats
139 creatures vanquished.

Vanquished Creatures (others)
  A steam dragon (D:4)
1 creature vanquished.

Grand Total: 140 creatures vanquished

Notes
Turn   | Place    | Note
-------+----------+-------------------------------------------
     0 | D:1      | thelaststarmaker the Hill Orc Fighter began the quest for
                  | the Orb.
     0 | D:1      | Reached XP level 1. HP: 19/19 MP: 1/1
    42 | D:1      | Found a faded altar of an unknown god.
   331 | D:1      | Reached XP level 2. HP: 27/27 MP: 2/2
   847 | D:1      | Reached skill level 4 in Fighting
  1084 | D:2      | Reached XP level 3. HP: 12/34 MP: 3/3
  1648 | D:2      | Reached skill level 5 in Fighting
  2278 | D:2      | Reached XP level 4. HP: 42/42 MP: 4/4
  2390 | D:3      | Identified the +1 chain mail of Parts Unknown {rC+ MP-9
                  | Int+3}
  2654 | D:3      | Reached skill level 6 in Fighting
  3213 | D:3      | Reached XP level 5. HP: 51/51 MP: 5/5
  3260 | D:3      | Found a glowing golden altar of the Shining One.
  3312 | D:3      | Found a basalt altar of Yredelemnul.
  3523 | D:3      | Found a burning altar of Makhleb.
  3813 | D:4      | Became a worshipper of Beogh the Brigand
  3878 | D:4      | Found a glowing drain.
  3882 | D:4      | Reached skill level 7 in Fighting
  4063 | Sewer    | Entered a sewer
  4239 | Sewer    | Reached * piety under Beogh
  4280 | Sewer    | Reached XP level 6. HP: 44/60 MP: 3/6
  4399 | Sewer    | Found a viscous altar of Jiyva.
  4486 | Sewer    | Reached skill level 8 in Fighting
  4557 | D:4      | Noticed a steam dragon
  4838 | D:4      | Killed a steam dragon
  4928 | D:4      | Found a staircase to the Ecumenical Temple.
  5062 | D:4      | Found Kigewn's Neck Hole.
  5191 | D:4      | Reached XP level 7. HP: 61/69 MP: 7/7
  5271 | D:4      | Found a bloodstained altar of Trog.
  5573 | D:5      | Entered Level 5 of the Dungeon
  5589 | D:5      | Reached skill level 9 in Fighting
  6194 | D:5      | Found Ulizic's Weapon Boutique.
  6457 | D:5      | Reached skill level 10 in Fighting
  6912 | D:5      | Reached XP level 8. HP: 76/80 MP: 5/8
  7357 | D:6      | Reached ** piety under Beogh
  7358 | D:6      | Reached skill level 5 in Axes
  7588 | D:6      | Slain by an orc warrior

Illustrated notes

Levels and vault maps discovered:
D:1:      dpeg_arrival_rooms_b, layout_basic, ebering_ecumenical_altar_rust,
          hex_large
D:2:      layout_basic
D:3:      layout_loops_ring, nicolae_tso_swordbearing_angel,
          mainiacjoe_overflow_surrounded_room, mainiacjoe_overflow_alcove_1,
          dk_vineyard_2, minivault_23
D:4:      layout_basic, lightli_temple_of_fire, minmay_temple_entry_glass,
          portal_sewer_entry_c, grunt_ministairs_6,
          chequers_serial_rivers_marsh, minivault_11,
          nicolae_shop_sticking_my_neck_out
D:5:      layout_layer_cave, serial_shops, shop
D:6:      layout_loops_ring

Skill      XL: |  1  2  3  4  5  6  7  8 |
---------------+-------------------------+-----
Axes           | 3 4 6 |  6.4
Fighting       | 4 5 6 7 8 10 | 10.4
Throwing       | |  0.3
Armour         | |  3.5
Shields        | |  3.6

Action                   |  1- 3 |  4- 6 |  7- 9 || total
-------------------------+-------+-------+-------++-------
Melee: War axe           |   108 |   215 |   130 ||   453
Throw: Throwing net      |       |     2 |       ||     2
Invok: Convert to Beogh  |       |     1 |       ||     1
  Use: Scroll            |       |     3 |     3 ||     6
Armor: Scale mail        |    45 |   100 |    59 ||   204
Dodge: Dodged            |    41 |    87 |    58 ||   186
Block: Buckler           |    24 |    40 |    28 ||    92
